 Dungeon Crawl Stone Soup version 0.17.2-1-ge4368a0 (webtiles) character file.

67 Goblin1989 the Ducker (level 3, -1/28 HPs)
             Began as a Demonspawn Gladiator on July 28, 2016.
             Slain by a gnoll
             ... wielding a +0 spear
              (9 damage)
             ... on level 2 of the Dungeon.
             The game lasted 00:07:25 (831 turns).

Goblin1989 the Ducker (Demonspawn Gladiator)         Turns: 831, Time: 00:07:25

Health: -1/28      AC:  5    Str: 16    XL:     3   Next: 98%
Magic:  3/3        EV: 13    Int:  9    God:
Gold:   18         SH:  0    Dex: 13    Spells: 0 memorised, 2 levels left

rFire  . . .     SeeInvis .     a - +0 war axe
rCold  . . .     Clarity  .     b - +0 leather armour
rNeg   . . .     SustAt   .     (no shield)
rPois  .         Gourm    .     (helmet restricted)
rElec  .         Spirit   .     (no cloak)
rCorr  .         Warding  .     (no gloves)
rMut   .         Stasis   .     (no boots)
MR     .....                    (no amulet)
Stlth  +.........               (no ring)
                                q - +2 ring of protection

@: not resistant to hostile enchantments, very unstealthy
A: horns 1, talons 1, thin metallic scales 1, deformed body, demonic guardian 1
a: no special abilities


You were on level 2 of the Dungeon.
You were not hungry.

You visited 1 branch of the dungeon, and saw 2 of its levels.

You collected 18 gold pieces.

Inventory:

Hand Weapons
 a - a +0 war axe (weapon)
Missiles
 d - 3 throwing nets (quivered)
Armour
 b - a +0 leather armour (worn)
 c - a +0 helmet
Jewellery
 q - a +2 ring of protection (left hand)
Scrolls
 f - a scroll of noise {unknown}
 h - a scroll of teleportation {unknown}
 j - 2 scrolls of identify
 k - a scroll of magic mapping {unknown}
 p - 2 scrolls of fog {unknown}
 r - a scroll of recharging {unknown}
Potions
 g - 3 potions of degeneration
 o - a potion of curing
Books
 n - a Young Poisoner's Handbook

   Spells                             Type                      Level
   a - Sting                          Conjuration/Poison           1
   b - Cure Poison                    Poison                       2
   c - Mephitic Cloud                 Conjuration/Poison/Air       3
   d - Olgreb's Toxic Radiance        Poison                       4
   e - Venom Bolt                     Conjuration/Poison           5
Comestibles
 e - a bread ration
 i - a royal jelly
 m - a meat ration


   Skills:
 + Level 2.7 Fighting
 + Level 3.1 Axes
 + Level 2.5 Throwing
 + Level 3.2 Dodging


You had 2 spell levels left.
You didn't know any spells.

Dungeon Overview and Level Annotations

Branches:
Dungeon (2/15)

Altars:


Innate Abilities, Weirdness & Mutations

You are partially covered in thin metallic scales (AC +2).
A weak demonic guardian rushes to your aid.
You have a pair of small horns on your head.
You have sharp toenails.
Armour fits poorly on your strangely shaped body.


Message History

You hit the gnoll. You headbutt the gnoll.
The gnoll is severely wounded.
Your quasit bites the gnoll.
Your quasit claws the gnoll but does no damage. x2
The gnoll hits you but does no damage. The gnoll closely misses your quasit.
Your quasit bites the gnoll.
The gnoll dies!
Unknown command.
A gnoll comes into view. It is wielding a spear.
The gnoll shouts!
The gnoll barely misses you. The gnoll hits you with a spear.
You take 2 damage, and have 12/28 hp.
You slash the gnoll! Your kick misses the gnoll.
Your headbutt misses the gnoll.
The gnoll is almost dead.
The gnoll hits you from afar with a spear.
The gnoll hits you with a spear.
* * * LOW HITPOINT WARNING * * *
The gnoll hits you with a spear!
You die...

####.#
#...#
.....#
#.#.#
####.#
#.#.# #
#.#
#.#.# #
#.#
#.#.#
####...
..#.#
†......
###.##
#######
#...####
..#
#.#5@g.#
#.#
#...##g#
#.#
##### #
# # # .
. .


You could see 2 gnolls and a friendly quasit.

Vanquished Creatures
  An adder (D:2)
  A gnoll (D:1)
  An ooze (D:1)
  3 ball pythons
  5 bats
  A giant cockroach (D:1)
  4 hobgoblins
  3 giant geckos
  A giant newt (D:2)
  4 goblins (D:1)
  4 kobolds
  6 rats
34 creatures vanquished.

Vanquished Creatures (collateral kills)
  A gnoll (D:2)
1 creature vanquished.

Grand Total: 35 creatures vanquished

Notes
Turn   | Place    | Note
--------------------------------------------------------------
     0 | D:1      | Goblin1989 the Demonspawn Gladiator began the quest for the Orb.
     0 | D:1      | Reached XP level 1. HP: 16/16 MP: 1/1
   104 | D:1      | Gained mutation: You are partially covered in thin metallic scales (AC +2). [demonic ancestry]
   104 | D:1      | Reached XP level 2. HP: 17/22 MP: 2/2
   486 | D:1      | Gained mutation: A weak demonic guardian rushes to your aid. [demonic ancestry]
   486 | D:1      | Reached XP level 3. HP: 28/28 MP: 3/3
   520 | D:1      | Reached skill level 3 in Dodging
   730 | D:2      | Gained mutation: You have sharp toenails. [potion of mutation]
   730 | D:2      | Gained mutation: Armour fits poorly on your strangely shaped body. [potion of mutation]
   730 | D:2      | Gained mutation: You have a pair of small horns on your head. [potion of mutation]
   831 | D:2      | Slain by a gnoll

Action                   || total
-------------------------++-------
Melee: War axe           ||   103
  Use: Scroll            ||     3
       Potion            ||     1
 Stab: Sleeping          ||     1
